 Dungeon Crawl Stone Soup version 0.16.2-12-gd0ad4c3 (webtiles) character file.

683 Zaportal the Chucker (level 7, -3/66 HPs)
             Began as an Ogre Hunter on Sept 29, 2015.
             Slain by an orc wizard
             ... wielding a +2 dagger of venom
              (4 damage)
             ... on level 3 of the Dungeon.
             The game lasted 00:33:52 (5059 turns).

Zaportal the Chucker (Ogre Hunter)                  Turns: 5059, Time: 00:33:55

Health: -3/66      AC:  3    Str: 20    XL:     7   Next: 61%
Magic:  7/7        EV: 11    Int: 10    God:
Gold:   68         SH:  0    Dex: 10    Spells: 0 memorised, 6 levels left

rFire  . . .     SeeInvis .     a - +1 short sword
rCold  . . .     Clarity  .     d - +0 animal skin
rNeg   . . .     SustAb   .     (shield restricted)
rPois  .         Gourm    .     (helmet restricted)
rElec  .         Spirit   .     (no cloak)
rCorr  .         Warding  .     (gloves unavailable)
rMut   .         Stasis   .     (boots unavailable)
MR     .....                    (no amulet)
Stlth  +.........               (no ring)
                                (no ring)

@: lethally poisoned (-3 -> -22), about to teleport, not resistant to hostile
enchantments, very unstealthy
A: unfitting armour, tough skin 1
a: no special abilities


You were on level 3 of the Dungeon.
You were very hungry.

You visited 1 branch of the dungeon, and saw 4 of its levels.

You collected 68 gold pieces.

Inventory:

Hand weapons
 a - a +1 short sword (weapon)
 t - a +0 blowgun
Missiles
 e - 56 stones (quivered)
 h - 5 large rocks
 u - 4 poisoned needles
Armour
 d - a +0 animal skin (worn)
Scrolls
 g - a scroll of identify
 o - a scroll of remove curse
 p - a scroll of enchant weapon
 q - 2 scrolls of amnesia
 r - a scroll of noise
Potions
 j - a potion of lignification {unknown}
 l - a potion of flight {unknown}
 m - a potion of haste
 n - a potion of restore abilities {unknown}
 x - a potion of heal wounds {unknown}
Comestibles
 f - 2 meat rations
 s - a slice of pizza
 w - a bread ration


   Skills:
 - Level 2.6 Fighting
 + Level 7.6 Throwing
 + Level 5.4 Dodging
 - Level 0.7 Stealth


You had 6 spell levels left.
You didn't know any spells.

Dungeon Overview and Level Annotations

Branches:
Dungeon (4/15)
 Temple: D:4-7

Altars:
Dithmenos
Nemelex Xobeh
Vehumet

Annotations:
D:3 Musteatbrain's ghost, weakling SpEn


Innate Abilities, Weirdness & Mutations

You are too large for most types of armour.
You have tough skin (AC +1).


Message History

The orc hits you but does no damage.
Read which item? (? for menu, Esc to quit)
As you read the scroll labeled STASEC AKUBOF, it crumbles to dust.
You feel strangely unstable.
It was a scroll of teleportation.
* * * LOW HITPOINT WARNING * * *
You feel sick.
The orc wizard points at you and mumbles some strange words.
You easily resist.
The orc hits you with a flail!
* * * LOW HITPOINT WARNING * * *
The orc hits you.
* * * LOW HITPOINT WARNING * * *
The orc barely misses you.
Read which item? (? for menu, Esc to quit)
As you read the scroll labeled THRAPHAO PHAAHE, it crumbles to dust.
The creatures around you are filled with an inner flame!
It was a scroll of immolation.
* * * LOW HITPOINT WARNING * * *
You feel sick.
The orc wizard hits you with a dagger of venom.
You die...

######### ########### ........#
#.........# ........# #.........#
........##########.........#
..............oo@#.........#
#.......#####..ooo.........#
#)......# #...o...########
#.######## #.......#
#.#......####.......#
#.#........##.......#######
...........##......[).....#
...####....#####.#....[...#######
...####....#####.#...............


You could see an orc wizard (inner flame) and 5 orcs.

Vanquished Creatures
  Grinder (D:3)
  A phantom (D:4)
  An ogre (D:4)
  An orc wizard (D:3)
  2 orc priests
  Ijyb (D:3)
  11 adders
  3 worms
  3 giant geckos
  5 orcs (D:3)
  4 ball pythons
  7 bats
  2 bat skeletons (D:2)
  13 goblins
  5 hobgoblins
  A ball python skeleton (D:2)
  4 giant cockroaches
  A giant gecko skeleton (D:2)
  7 giant newts
  2 jackal skeletons (D:2)
  14 kobolds
  A quokka skeleton (D:4)
  3 rats
  2 plants (D:2)
95 creatures vanquished.

Notes
Turn   | Place    | Note
--------------------------------------------------------------
     0 | D:1      | Zaportal, the Ogre Hunter, began the quest for the Orb.
     0 | D:1      | Reached XP level 1. HP: 22/22 MP: 1/1
   286 | D:1      | Reached XP level 2. HP: 26/29 MP: 2/2
   304 | D:1      | Found a sparkling altar of Nemelex Xobeh.
   572 | D:1      | You fall through a shaft!
   804 | D:2      | Reached XP level 3. HP: 24/36 MP: 3/3
   809 | D:2      | Reached skill level 5 in Throwing
  1414 | D:2      | Reached XP level 4. HP: 44/44 MP: 4/4
  1999 | D:3      | Found a shadowy altar of Dithmenos.
  2098 | D:3      | Found a radiant altar of Vehumet.
  2186 | D:3      | Reached XP level 5. HP: 25/50 MP: 5/5
  2460 | D:3      | Noticed Grinder
  2490 | D:3      | Killed Grinder
  2490 | D:3      | Reached skill level 6 in Throwing
  2490 | D:3      | Reached XP level 6. HP: 59/59 MP: 6/6
  2794 | D:3      | Noticed Musteatbrain's ghost (weakling SpEn)
  3386 | D:3      | Noticed Ijyb
  3440 | D:3      | Killed Ijyb
  3440 | D:3      | Reached skill level 7 in Throwing
  3632 | D:3      | Reached XP level 7. HP: 46/66 MP: 7/7
  4827 | D:4      | Reached skill level 5 in Dodging
  5058 | D:3      | HP: 3/66 [orc/flail (7)]
  5058 | D:3      | HP: 1/66 [orc (2)]
  5059 | D:3      | Slain by an orc wizard

Action                   |  1- 3 |  4- 6 |  7- 9 || total
-------------------------+-------+-------+-------++-------
Melee: Short sword       |    98 |   362 |   185 ||   645
 Fire: Blowgun           |       |     2 |       ||     2
Throw: Javelin           |     9 |    10 |    11 ||    30
       Large rock        |     4 |    22 |    22 ||    48
       Stone             |    28 |    87 |     3 ||   118
       Throwing net      |       |     2 |     3 ||     5
  Use: Potion            |       |     1 |     2 ||     3
       Scroll            |       |       |     7 ||     7
  Eat: Chunk             |     2 |     5 |     5 ||    12
       Pizza             |       |     1 |       ||     1
